 Dungeon Crawl Stone Soup version 0.22.0-18-ge075c0d (webtiles) character file.

81 Lew the Skirmisher (level 4, 0/35 HPs)
             Began as a Demonspawn Abyssal Knight on Aug 18, 2018.
             Was a Follower of Lugonu.
             Slain by a gnoll
             ... wielding a +2 spear of venom
              (9 damage)
             ... on level 3 of the Dungeon.
             The game lasted 00:04:46 (2409 turns).

Lew the Skirmisher (Demonspawn Abyssal Knight)      Turns: 2409, Time: 00:04:51

Health: 0/35       AC:  4    Str: 12    XL:     4   Next: 20%
Magic:  6/6        EV:  9    Int: 13    God:    Lugonu [*.....]
Gold:   140        SH:  8    Dex: 18    Spells: 3/3 levels left

rFire    . . .     SeeInvis .   a - +2 falchion
rCold    + . .     Gourm    .   e - +0 shield
rNeg     . . .     Faith    .   b - +0 leather armour
rPois    .         Spirit   .   (no helmet)
rElec    .         Reflect  .   (no cloak)
rCorr    .         Harm     .   h - +0 pair of gloves
MR       .....                  (no boots)
Stlth    +++.......             (no amulet)
HPRegen  0.11/turn              (no ring)
MPRegen  0.10/turn              (no ring)

@: lethally poisoned (0 -> -7)
A: thin skeletal structure 2, cold resistance 1
a: Depart the Abyss, Renounce Religion


You were on level 3 of the Dungeon.
You worshipped Lugonu.
Lugonu was aware of your devotion.
You were hungry.

You visited 1 branch of the dungeon, and saw 3 of its levels.
You visited the Abyss 1 time.

You collected 140 gold pieces.

Inventory:

Hand Weapons
 a - a +2 falchion (weapon)
 o - a +4 short sword
Armour
 b - a +0 leather armour (worn)
 e - a +0 shield (worn)
 h - a +0 pair of gloves (worn)
Jewellery
 k - an uncursed amulet of harm
 m - an uncursed amulet of the gourmand {unknown}
 n - an uncursed ring of positive energy {unknown}
Scrolls
 d - 2 scrolls of fog
 j - a scroll of random uselessness {unknown}
Potions
 f - a potion of curing
 i - a potion of mutation {unknown}
 l - a potion of haste {unknown}
 p - a potion of berserk rage {unknown}
 q - a potion of ambrosia {unknown}
 r - a potion of brilliance {unknown}
Comestibles
 c - 5 rations


   Skills:
 * Level 3.4 Fighting
 * Level 2.4 Long Blades
 + Level 2.2 Armour
 + Level 1.5 Dodging
 * Level 0.7 Stealth
 + Level 1.0 Shields
 + Level 2.8 Invocations


You had 3 spell levels left.
You didn't know any spells.
Your spell library was empty.

Dungeon Overview and Level Annotations

Branches:
Dungeon (3/15)

Altars:
Okawaru


Innate Abilities, Weirdness & Mutations

You have a moderately thin skeletal structure. (Dex +4, Stealth+)
Your flesh is cold resistant. (rC+)


Message History

You hit the gnoll but do no damage. You block the gnoll's attack.
The gnoll hits you from afar with a spear of venom.
You are poisoned.
You hit the gnoll but do no damage.
You feel sick. The gnoll hits you but does no damage.
The gnoll hits you from afar with a spear.
The gnoll closely misses you. You block the gnoll's attack. x2
You hit the gnoll.
The gnoll is heavily wounded.
You feel sick. The gnoll hits you but does no damage.
You block the gnoll's attack. x2; The gnoll barely misses you.
The gnoll closely misses you. x2
You hit the gnoll.
You kill the gnoll!
Lugonu accepts your kill.
You feel sick. You block the gnoll's attack.
The gnoll hits you from afar with a halberd!
* * * LOW HITPOINT WARNING * * *
The gnoll hits you from afar with a spear of venom!
You die...

######### #.....<.#
#.......# ###.......# #
######...$.....#.##.#
....................#
#.#.♣.♣.#†.%...<......#
...$.g)@.....†.........
..♣.♣g♣.♣.....###...#.#
.._g...###.......# #
♣.♣.♣.♣.# #######...
.......... ...#
#.#.♣.♣.#.## ###
#.........# .. #####


You could see 3 gnolls.

Vanquished Creatures
  2 adders (D:2)
  A gnoll (D:3)
  A worm (D:2)
  3 dart slugs
  2 leopard geckos
  A ball python (D:2)
  3 giant cockroaches
  3 goblins (D:1)
  6 hobgoblins
  7 bats
  2 frilled lizards (D:1)
  6 kobolds
  7 rats
44 creatures vanquished.

Notes
Turn   | Place    | Note
-------+----------+-------------------------------------------
     0 | Abyss:1  | Lew the Demonspawn Abyssal Knight began the quest for the Orb.
     0 | Abyss:1  | Reached XP level 1. HP: 18/18 MP: 2/2
    76 | Abyss:2  | Noticed an ancient lich
    76 | Abyss:2  | Noticed a small abomination
   103 | Abyss:2  | Found a sparkling altar of Nemelex Xobeh.
   111 | D:1      | Escaped the Abyss
   204 | D:1      | Reached skill level 1 in Dodging
   489 | D:1      | Gained mutation: Your flesh is cold resistant. (rC+) [demonic ancestry]
   489 | D:1      | Reached XP level 2. HP: 23/24 MP: 3/3
   536 | D:1      | Reached * piety under Lugonu
  1411 | D:2      | Gained mutation: You have a somewhat thin skeletal structure. (Dex +2, Stealth) [demonic ancestry]
  1411 | D:2      | Reached XP level 3. HP: 29/29 MP: 4/4
  1903 | D:2      | Reached skill level 1 in Shields
  2159 | D:2      | Gained mutation: You have a moderately thin skeletal structure. (Dex +4, Stealth+) [demonic ancestry]
  2159 | D:2      | Reached XP level 4. HP: 28/35 MP: 6/6
  2399 | D:3      | Found an iron altar of Okawaru.
  2409 | D:3      | Slain by a gnoll

Skill      XL: |  1  2  3 |
---------------+----------+-----
Dodging        | 1 |  1.5
Long Blades    | 2 |  2.4
Armour         | 2 |  2.2
Shields        | 1 |  1.0
Fighting       | |  3.4
Stealth        | |  0.7
Invocations    | |  2.8

Action                   |  1- 3 |  4- 6 || total
-------------------------+-------+-------++-------
Melee: Falchion          |   132 |     9 ||   141
Invok: Depart the Abyss  |     1 |       ||     1
  Use: Scroll            |     4 |     1 ||     5
       Potion            |     1 |       ||     1
 Stab: Sleeping          |     2 |     1 ||     3
  Eat: Chunk             |     3 |     1 ||     4
Armor: Leather armour    |    49 |     3 ||    52
Dodge: Dodged            |    44 |     7 ||    51
Block: Shield            |    43 |     9 ||    52
       Rpst.: Falchion   |    14 |       ||    14
